 Dungeon Crawl Stone Soup version 0.29-a0-1006-g0dd7720 (webtiles) character file.

Game seed: 3544334398047679858

376 edsrzf the Cruncher (level 7, 0/57 HPs)
             Began as a Meteoran Wanderer on Aug 5, 2022.
             Slain by Duvessa
             ... wielding a +2 short sword of venom
              (9 damage)
             ... on level 5 of the Dungeon on Aug 6, 2022.
             The game lasted 00:15:18 (2333 turns).

edsrzf the Cruncher (Meteoran Wanderer)             Turns: 2333, Time: 00:15:19

Health: 0/57       AC:  3    Str: 13    XL:     7   Next: 24%
Magic:  8/8        EV: 17    Int: 15    God:
Gold:   181        SH:  0    Dex: 15    Spells: 6/6 levels left

rFire   + . .      SeeInvis .   b - +0 quarterstaff
rCold   + . .      Faith    .   (shield currently unavailable)
rNeg    . . .      Spirit   .   e - +0 robe
rPois   +          Reflect  .   (no helmet)
rElec   +          Harm     .   (no cloak)
rCorr   +          Rampage  .   (no gloves)
Will    .....                   c - +0 pair of boots
Stlth   +.........              u - amulet of the acrobat
HPRegen 0.19/turn               o - +4 ring of evasion
MPRegen 0.11/turn               (no ring)

@: lethally poisoned (0 -> -6), resistant, flying, glowing
A: sense surroundings 1, otherworldly, glowing, explore regen
a: no special abilities


You were on level 5 of the Dungeon.
You visited 1 branch of the dungeon, and saw 5 of its levels.

You collected 181 gold pieces.

Inventory:

Hand Weapons
 a - a +2 sling
 b - a +0 quarterstaff (weapon)
Missiles
 n - a javelin (quivered)
Armour
 c - a +0 pair of boots (worn)
 e - a +0 robe (worn)
 j - a +0 hat
Jewellery
 o - a +4 ring of evasion (left hand)
 u - an amulet of the acrobat (around neck)
Wands
 d - a wand of mindburst (22)
Scrolls
 h - 5 scrolls of identify {@r1}
 i - a scroll of blinking {unknown}
 m - a scroll of noise {unknown}
 q - a scroll of immolation {unknown}
 r - a scroll of teleportation {unknown}
 v - a scroll of silence {unknown}
Potions
 g - 2 potions of haste
 k - 2 potions of flight
 p - 4 potions of heal wounds
 t - a potion of curing {unknown}
 w - a potion of lignification {unknown}


   Skills:
 - Level 3.2 Fighting
 + Level 8.1 Staves
 - Level 3.2 Ranged Weapons
 - Level 3.6 Dodging


You had 6 spell levels left.
You didn't know any spells.
Your spell library contained the following spells:

 Spells                   Type           Power      Damage    Failure   Level
 Sandblast                Erth           0%         2d4       26%         1
 Passwall                 Tmut/Erth      0%         N/A       38%         2
 Static Discharge         Conj/Air       0%         3-3/arc   38%         2
 Dazzling Flash           Conj/Hex       0%         N/A       63%         3
 Stone Arrow              Conj/Erth      0%         3d7       63%         3
 Animate Armour           Summ/Erth      0%         N/A       95%         4
 Agony                    Necr           0%         N/A       100%        5
 Lightning Bolt           Conj/Air       0%         1d11      100%        5
 Silence                  Hex/Air        0%         N/A       100%        5
 Lehudib's Crystal Spear  Conj/Erth      0%         10d2      100%        8
 Maxwell's Capacitive Co  Air            0%         ∞         100%        8


Dungeon Overview and Level Annotations

Branches:
Dungeon (5/15) Zot: 848
 Temple: D:4-7

Altars:
Cheibriados
Makhleb
Sif Muna
Xom
Yredelemnul
Zin

Annotations:
D:5 Dowan, Duvessa


Innate Abilities, Weirdness & Mutations

You passively map a small area around you.
You are easily found by Zot.
You glow in the dark.
You regain HP and MP as you explore.


Message History

You kill the water moccasin!
Your Staves skill increases to level 7!
You have reached level 7!
You open the door.
Found an orange potion.
Found a scroll of identify and a cyan potion.
Found a scroll of identify, a club and a runed kite shield.
Found a potion of heal wounds.
k - 3 orange potions (gained 1)
You open the door.
Found a snail-covered altar of Cheibriados.
Found 13 gold pieces.
There is an open door here.
h - 5 scrolls of identify {@r1} (gained 1)
You see here a +0 club.
Duvessa and a scorpion come into view.
Duvessa is wielding a +2 short sword of venom.
Duvessa shouts!
You see here a +0 club.
There is an open door here.
Throw: 2 darts (poison)
Press: ? - help, Q - select action, (/) - cycle Shift-Dir - straight line, f - scorpion
Aim: a scorpion (59% to hit)
You throw a poisoned dart.
The poisoned dart closely misses the scorpion.
Dowan, Brother of Duvessa comes into view.
He is wielding a +1 dagger of speed.
Throw: dart (poison)
Press: ? - help, Q - select action, (/) - cycle Shift-Dir - straight line, p - scorpion You throw a poisoned dart.
The poisoned dart hits the scorpion.
The scorpion is poisoned.
Dowan shouts!
Throw: 2 javelins
Press: ? - help, Q - select action, (/) - cycle Shift-Dir - straight line, f - scorpion
Aim: a scorpion (lightly wounded, poisoned, 59% to hit)
You throw a javelin.
The javelin pierces through the scorpion.
The scorpion is heavily wounded.
The javelin pierces through Duvessa but does no damage.
The javelin pierces through Dowan but does no damage.
Dowan says, "Magic and the sword, together, will defeat you."
The scorpion stings you!
You are poisoned.
The scorpion poisons you!
You hit the scorpion.
The scorpion is severely wounded.
You feel very sick. The scorpion misses you.
You hit the scorpion.
You kill the scorpion!
You feel sick.
Your Staves skill increases to level 8!
Unknown command.
You hit Duvessa but do no damage.
You feel sick.
A black bear comes into view.
Dowan points at Duvessa and mumbles some strange words.
Duvessa seems to speed up.
Duvessa hits you with a +2 short sword of venom!
Press: ? - help, v - describe, . - travel
Here: Duvessa, wielding a +2 short sword of venom and wearing a +0 chain mail (fast)
An open door.
Unknown command.
Okay, then.
Okay, then.
Unknown command.
You hit Duvessa.
Duvessa is lightly wounded.
You feel sick.
You feel sick. Dowan casts a spell at you. The puff of frost misses you.
Duvessa completely misses you.
There is an open door here.
Duvessa attacks as you move away! Duvessa closely misses you.
You feel sick.
Dowan gestures wildly while chanting.
Dowan blinks!
Duvessa completely misses you.
You close the door.
You feel sick. Duvessa barely misses you.
You hit Duvessa but do no damage.
Duvessa is lightly wounded.
You feel sick. Duvessa misses you.
Duvessa hits you with a +2 short sword of venom.
You hit Duvessa but do no damage.
Duvessa is lightly wounded.
You feel sick. Duvessa closely misses you.
Okay, then.
It was a potion of flight.
You feel very buoyant.
You fly up into the air.
You feel sick.
You are no longer poisoned.
Duvessa hits you with a +2 short sword of venom!
* * * LOW HITPOINT WARNING * * *
You are poisoned.
It was a potion of resistance.
You feel protected.
* * * LOW HITPOINT WARNING * * *
You feel very sick. Duvessa barely misses you.
It was a potion of magic.
Magic courses through your body.
* * * LOW HITPOINT WARNING * * *
You feel very sick.
Duvessa hits you with a +2 short sword of venom!
You die...

......., ....... ,
....... , , ,
........, , , ,
...!.... , , ,
#....########* . ,
##*#....##.._..##...
,
..##...e@#......$...
,
.......[.+§(...(....
,
.........#...h!.....
........##.....##...,
.......e##.....## .
####............# ,
#........e...#,
#............#,
#............#


You could see Duvessa (fast) and Dowan.

Vanquished Creatures
  A water moccasin (D:5)
  A bullfrog (D:5)
  A scorpion (D:5)
  A hound (D:5)
  An iguana (D:4)
  3 adders
  An ufetubus (D:4)
  A dart slug (D:1)
  9 orcs
  3 ball pythons
  5 bats
  6 endoplasms
  A giant cockroach (D:1)
  4 goblins
  2 hobgoblins
  5 jackals
  4 kobolds
  2 quokkas
  2 frilled lizards
  6 rats
59 creatures vanquished.

Notes
Turn   | Place    | Note
-------+----------+-------------------------------------------
     0 | D:1      | edsrzf the Meteoran Wanderer began the quest for the Orb.
     0 | D:1      | edsrzf set off with the following items: a +2 sling, a +0
                  | quarterstaff, a +0 pair of boots, a scroll of fear, a +0
                  | robe.
     0 | D:1      | Reached XP level 1. HP: 19/19 MP: 2/2
   225 | D:1      | Reached skill level 2 in Staves
   225 | D:1      | Reached XP level 2. HP: 17/26 MP: 3/3
   259 | D:1      | Reached skill level 3 in Staves
   341 | D:1      | Reached XP level 3. HP: 31/31 MP: 4/4
   488 | D:1      | Glimpsed the power of Zot.
   507 | D:1      | Found a faded altar of an unknown god.
   538 | D:1      | Glimpsed the power of Zot.
   578 | D:1      | Glimpsed the power of Zot.
   588 | D:1      | Touched by the power of Zot.
   760 | D:2      | Upgraded the game from 0.29-a0-998-g1987434 to
                  | 0.29-a0-1006-g0dd7720
  1079 | D:2      | Reached skill level 4 in Staves
  1079 | D:2      | Reached XP level 4. HP: 28/29 MP: 5/5
  1241 | D:3      | Found a basalt altar of Yredelemnul.
  1480 | D:3      | Found a shimmering altar of Xom.
  1560 | D:3      | Found a glowing silver altar of Zin.
  1672 | D:3      | Found a shimmering blue altar of Sif Muna.
  1942 | D:4      | Reached skill level 5 in Staves
  1947 | D:4      | Reached XP level 5. HP: 37/40 MP: 6/6
  2150 | D:4      | Noticed an ogre
  2152 | D:4      | Identified 4 scrolls of identify
  2152 | D:4      | Identified 2 potions of haste
  2222 | D:5      | Entered Level 5 of the Dungeon
  2222 | D:5      | Noticed a bullfrog
  2223 | D:5      | Found a burning altar of Makhleb.
  2236 | D:5      | Identified 5 potions of heal wounds
  2243 | D:5      | Killed a bullfrog
  2244 | D:5      | Reached skill level 6 in Staves
  2244 | D:5      | Reached XP level 6. HP: 14/51 MP: 7/7
  2284 | D:5      | Noticed a water moccasin
  2297 | D:5      | Killed a water moccasin
  2298 | D:5      | Reached skill level 7 in Staves
  2298 | D:5      | Reached XP level 7. HP: 51/57 MP: 8/8
  2309 | D:5      | Found a snail-covered altar of Cheibriados.
  2314 | D:5      | Noticed Duvessa
  2319 | D:5      | Noticed Dowan
  2324 | D:5      | Reached skill level 8 in Staves
  2331 | D:5      | Identified 3 potions of flight
  2332 | D:5      | Identified a potion of resistance
  2333 | D:5      | Identified a potion of magic
  2333 | D:5      | Slain by Duvessa

Illustrated notes

Levels and vault maps discovered:
D:1:      minmay_arrival_four_houses, layout_basic,
          chequers_ecumenical_altar_lobes
D:2:      layout_basic, minmay_statues_item, amcnicky_mini_rare_corridor_liquid,
          kennysheep_donut
D:3:      layout_basic, mainiacjoe_overflow_24_doors, overflow_temple_1_default,
          mainiacjoe_overflow_concentric_impassable, zin_scriptorium
D:4:      layout_layer_cave, trog_butcher_becter, minmay_crystal_room,
          minivault_27, chequers_arboretum, nrook_mini_backslash, st_stairs_1,
          uniq_robin
D:5:      layout_gridville, old_standard_altar, overflow_temple_1_default,
          serial_shops, shop, uniq_duvessa, uniq_eustachio

Skill      XL: |  1  2  3  4  5  6  7 |
---------------+----------------------+-----
Staves         | 2 3 4 5 6 7 8 |  8.1
Fighting       | |  3.2
Ranged Weapons | |  3.2
Dodging        | |  3.6

Action                   |  1- 3 |  4- 6 |  7- 9 || total
-------------------------+-------+-------+-------++-------
Melee: Quarterstaff      |    90 |   129 |     6 ||   225
Throw: Dart              |       |       |     2 ||     2
       Javelin           |       |       |     1 ||     1
  Use: Scroll            |       |     2 |       ||     2
       Potion            |       |     1 |     3 ||     4
Armor: Robe              |    38 |    27 |       ||    65
Dodge: Dodged            |    64 |    69 |     9 ||   142

Table legend: (Time is in decaauts)
 A = Elapsed time spent in this place.
 B = Non-inter-level travel time spent in this place.
 C = Inter-level travel time spent in this place.
 D = Time resting spent in this place.
 E = Time spent auto-exploring this place.
 F = Levels seen in this place.
 G = Mean time per level.
                   A        B        C        D        E       F      G
               +--------+--------+--------+--------+--------+-----+--------+
         Total |   2350 |   2288 |     62 |      3 |      0 |   5 |  470.0 |
       Dungeon |   2350 |   2288 |     62 |      3 |      0 |   5 |  470.0 |
               +--------+--------+--------+--------+--------+-----+--------+

Top non-repeatable levels by time:
     D:3: 680 daAuts
     D:1: 600 daAuts
     D:2: 574 daAuts
     D:4: 386 daAuts
     D:5: 110 daAuts
